 Dungeon Crawl Stone Soup version 0.29.0-11-gd7f09526c8 (webtiles) character file.

Game seed: 14773707360836993682

75823 Zeldest the Black Belt (level 15, 0/134 HPs)
             Began as a Djinni Warper on Sept 4, 2022.
             Was a Believer of Makhleb.
             Slain by a dream sheep (6 damage)
             ... on level 4 of the Lair of Beasts.
             The game lasted 00:54:04 (20402 turns).

Zeldest the Black Belt (Djinni Warper)             Turns: 20402, Time: 00:54:05

Health: 0/134      AC:  8    Str: 10    XL:     15   Next: 99%
Gold:   1329       EV: 11    Int: 27    God:    Makhleb [**....] SH:  0 Dex: 22

rFire   x x .      SeeInvis .     - Unarmed
rCold   + + .      Faith    .   (shield currently unavailable)
rNeg    + . .      Spirit   .   (body armour currently unavailable)
rPois   ∞          Reflect  .   (helmet currently unavailable)
rElec   .          Harm     .   (cloak currently unavailable)
rCorr   .          Rampage  .   (gloves currently unavailable)
Will    +....                   (boots unavailable)
Stlth   ..........              b - amulet of Heeffies {rPois Regen+ Int+5}
HPRegen 1.12/turn               P - ring "Wephuhum" {rPois rN+ MP+9 Dex+9 Stlth-}
MPRegen 0.00/turn               m - +4 ring of slaying

@: ice-form, marked, flying, slowed, studying Shields, unable to drink, very
slow
A: freezing attack, flying, boosted hp, sickness immunity, large, (fire
resistance 2), (cold vulnerability 1), inability to drink after injury 2, no
stealth, hated by all, reduced AC 1, temperature sensitive, float, innate
caster, HP casting, extra vitality 1
a: End Transformation, Renounce Religion, Minor Destruction


You were on level 4 of the Lair of Beasts.
You worshipped Makhleb.
Makhleb was pleased with you.
You were a creature of crystalline ice.
You visited 3 branches of the dungeon, and saw 20 of its levels.
You also visited: Bailey and Gauntlet.

You collected 1388 gold pieces.
You spent 59 gold pieces at shops.

Inventory:

Missiles
 c - 7 boomerangs of dispersal
 n - 5 silver javelins
 K - 7 boomerangs
Armour
 l - a +1 helmet
 p - a +2 robe of cold resistance (melded)
 t - the +1 helmet of Lugonu's Approval (melded) {Str-3 Int+7 Dex+2}
   (You found it on level 2 of the Lair of Beasts)

   Str:       It affects your strength (-3).
   Int:       It affects your intelligence (+7).
   Dex:       It affects your dexterity (+2).
 L - the +2 pair of gloves of Kucw (melded) {rC+ Regen+ SInv}
   (You found it on level 8 of the Dungeon)

   rC:        It protects you from cold.
   SInv:      It lets you see invisible.
   Regen:     It increases your rate of health regeneration.
 M - a +1 cloak (melded)
Magical Staves
 e - a staff of conjuration
Jewellery
 b - the amulet of Heeffies (around neck) {rPois Regen+ Int+5}
   (You took it off a minotaur in a Gauntlet)

   [amulet of regeneration]

   Int:       It affects your intelligence (+5).
   rPois:     It protects you from poison.
   Regen:     It increases your rate of health regeneration.
 m - a +4 ring of slaying (right front paw)
 y - a +4 ring of evasion
 G - a ring of willpower
 P - the ring "Wephuhum" (left front paw) {rPois rN+ MP+9 Dex+9 Stlth-}
   (You found it on level 13 of the Dungeon)

   [ring of magical power]

   Dex:       It affects your dexterity (+9).
   rPois:     It protects you from poison.
   rN:        It protects you from negative energy.
   MP:        It affects your magic capacity (+9).
   Stlth:     It makes you less stealthy.
 R - a ring of wizardry
Wands
 g - a wand of polymorph (15)
 r - a wand of flame (22)
 z - a wand of iceblast (47)
 J - a wand of paralysis (20)
 N - a wand of acid (1)
 Q - a wand of mindburst (5)
Scrolls
 a - a scroll of blinking
 d - 3 scrolls of vulnerability
 h - a scroll of fear
 j - 2 scrolls of torment
 k - 3 scrolls of enchant armour
 o - 2 scrolls of poison
 s - 2 scrolls of immolation
 w - 5 scrolls of teleportation
 x - 2 scrolls of noise
 E - 5 scrolls of identify
 O - a scroll of enchant weapon
 S - a scroll of magic mapping
Potions
 f - 6 potions of mutation
 i - a potion of lignification
 q - 2 potions of berserk rage
 u - 8 potions of curing
 v - a potion of resistance
 A - a potion of might
 B - 2 potions of haste
 C - 2 potions of brilliance
 D - a potion of attraction
 F - 4 potions of heal wounds
 I - 2 potions of cancellation
Miscellaneous
 H - a condenser vane


   Skills:
 + Level 11.9 Fighting
 - Level 0.7 Throwing
 - Level 1.0 Armour
 - Level 2.1 Dodging
 + Level 15.8 Unarmed Combat
 + Level 13.4 Spellcasting
 + Level 4.1 Invocations


You couldn't memorise any spells.
You knew the following spells:

 Your Spells              Type           Power      Damage    Failure   Level
a - Poisonous Vapours     Pois/Air       100%       N/A       1%          2
b - Lesser Beckoning      Tloc           74%        N/A       1%          3
c - Gell's Gravitas       Tloc           74%        N/A       1%          3
d - Teleport Other        Tloc           74%        N/A       1%          3
e - Manifold Assault      Tloc           74%        N/A       1%          5
f - Starburst             Conj/Fire      37%        6d11      1%          6
g - Blink                 Tloc           100%       N/A       1%          2
h - Scorch                Fire           100%       2d10      1%          2
i - Sticky Flame          Conj/Fire      74%        2d9       1%          4
j - Ice Form              Ice/Tmut       74%        N/A       1%          4
k - Fireball              Conj/Fire      37%        3d15      1%          5
l - Shock                 Conj/Air       100%       1d9       0%          1
Your spell library was empty.

Dungeon Overview and Level Annotations

Branches:
Dungeon (14/15)            Temple (1/1) D:4            Lair (5/5) D:9
  Swamp (0/4) Lair:3        Snake (0/4) Lair:2        Slime (0/5) Lair:4
    Orc (0/2) D:9          Bailey (visited)         Gauntlet (visited)
 Vaults: D:13-14

Altars:
Ashenzari
Cheibriados
Dithmenos
Elyvilon
Gozag
Makhleb
Nemelex Xobeh
Okawaru
Qazlal
Ru
Trog
Uskayaw
Wu Jian
Xom
Zin
The Shining One

Shops:
D:7 *!   D:9 (   D:11 *   D:13 [


Innate Abilities, Weirdness & Mutations

You are a creature of crystalline ice.
You have a powerful freezing melee attack.
You are flying.
Your maximum health is increased.
Your armour is entirely melded.
You are incapable of wielding weapons or throwing items.
You are immune to sickness and miasma.
You are immune to poison.
((Your flesh is very heat resistant. (rF++)))
((You are vulnerable to cold. (rC-)))
You sometimes lose the ability to drink potions when taking damage.
You cannot be stealthy.
You are hated by all.
You take slightly more damage. (AC -5)
You are sensitive to extremes of temperature. (rF-, rC-)
You float through the air rather than walking.
You learn spells naturally, not from books.
Your magical power is your life essence.
You have superior vitality. (+4 MHP)


Message History

Space momentarily warps into an impossible shape!
You completely miss the torpor snail. You punch the cane toad!
The cane toad seems to slow down.
You freeze the cane toad.
* * * LOW HITPOINT WARNING * * *
The torpor snail bites you!
* * * LOW HITPOINT WARNING * * *
Blink to where?
Press: ? - help, Dir - move target 5 dream sheep come into view.
As you read the scroll of blinking, it crumbles to dust.
You feel yourself speed up.
A dream sheep comes into view.
The dream sheep barely misses you.
A dream sheep comes into view.
Casting: Manifold Assault (mildly dangerous; 1% risk of failure)
Confirm with . or Enter, or press ? or * to list all spells.
Space momentarily warps into an impossible shape!
You pummel the dream sheep!! You freeze the dream sheep!
You kill the dream sheep!
Makhleb accepts your kill.
You feel better.
You punch the dream sheep! You freeze the dream sheep.
You punch the dream sheep! You freeze the dream sheep. You hit the dream sheep.
You freeze the dream sheep.
* * * LOW HITPOINT WARNING * * *
The dream sheep bites you.
* * * LOW HITPOINT WARNING * * *
The dream sheep bites you!
* * * LOW HITPOINT WARNING * * *
Casting: Manifold Assault (mildly dangerous; 1% risk of failure)
Confirm with . or Enter, or press ? or * to list all spells.
Space momentarily warps into an impossible shape!
You punch the dream sheep! You freeze the dream sheep.
You pummel the dream sheep!! You freeze the dream sheep.
You kill the dream sheep!
Makhleb accepts your kill.
You punch the dream sheep! You freeze the dream sheep!
* * * LOW HITPOINT WARNING * * *
Being near the torpor snail leaves you feeling lethargic.
The dream sheep bites you.
You die... ....... .. .........(.# .YY

.............# .Y#
.............. ##..#.
.............##.....#
...........†.#.Y.>_..
#...........#P......
#...........YY.†....
#........F..†.......
#.##.......#..........
.....P..w##.#.........
.........#.#..........
...#.#.w##............
# #..##P..........#
##..##.........##
#....##†.....###


You could see a torpor snail, a cane toad (slow) and 5 dream sheep.

Vanquished Creatures
  Jorgrun (D:13)
  Kirke (Lair:3)
  A frost giant (D:12)
  Louise (D:14)
  A minotaur (Gauntlet)
  Nessos (D:12)
  5 hydras
  2 boulder beetles
  Erica (Lair:2)
  A catoblepas (D:12)
  3 centaur warriors
  An anaconda (shapeshifter) (Gauntlet)
  3 tengu warriors
  7 two-headed ogres
  A death yak (Lair:4)
  Sonja (D:13)
  A swamp dragon (D:13)
  Pikel (D:4)
  An orc knight (Bailey)
  A shining eye (Gauntlet)
  4 cyclopes
  4 ugly things
  2 manticores
  Maurice (D:10)
  2 black mambas
  Joseph (Lair:1)
  A gargoyle (D:13)
  Maggie (D:8)
  A rime drake (Lair:2)
  6 cane toads
  A kobold demonologist (D:13)
  3 komodo dragons
  A tengu conjurer (D:13)
  A hornet (D:8)
  2 tyrant leeches (Lair:3)
  9 slime creatures
  10 blink frogs
  2 dream sheep (Lair:4)
  2 shadows
  8 wraiths
  3 wyverns
  7 basilisks
  41 yaks
  2 golden eyes (Gauntlet)
  5 hogs (Lair:3)
  3 steam dragons (D:8)
  A redback (shapeshifter) (D:13)
  7 vampire mosquitoes
  2 nagas (Lair:2)
  12 water moccasins
  4 black bears
  13 orc warriors
  2 ice beasts
  4 sky beasts
  6 wolves (Lair:1)
  10 centaurs
  2 lemures (D:4)
  A phantom (D:4)
  6 bullfrogs
  3 gnoll sergeants
  Blork the orc (D:6)
  3 necrophages
  2 scorpions (D:6)
  2 wights (D:8)
  18 killer bees
  3 electric eels
  A lava snake (D:11)
  A gnoll bouda (D:8)
  3 hounds (D:5)
  2 jellies
  10 orc priests
  Crazy Yiuf (D:4)
  Ijyb (D:3)
  Terence (D:3)
  3 iguanas
  21 orc wizards
  Robin (D:3)
  7 gnolls
  7 adders
  A shadow imp (D:5)
  6 white imps
  2 ufetubi (D:4)
  A worm (D:3)
  3 dart slugs
  76 orcs
  8 ball pythons
  6 bats
  4 endoplasms
  A giant cockroach (D:2)
  11 goblins
  11 hobgoblins
  21 kobolds
  2 quokkas
  4 frilled lizards
  7 rats
483 creatures vanquished.

Vanquished Creatures (others)
  A kobold brigand (D:11)
  An orc wizard (D:3)
  An orc (D:8)
  A butterfly (D:7)
  6 fungi
  26 plants
36 creatures vanquished.

Grand Total: 519 creatures vanquished

Notes
Turn   | Place    | Note
-------+----------+-------------------------------------------
     0 | D:1      | Zeldest the Djinni Warper began the quest for the Orb.
     0 | D:1      | Zeldest set off with the following spells memorised: Blink,
                  | Lesser Beckoning, Gell's Gravitas, Teleport Other, Manifold
                  | Assault.
     0 | D:1      | Reached XP level 1. HP: 18/18 MP: 0/0
   135 | D:1      | Reached XP level 2. HP: 19/23 MP: 0/0
   857 | D:1      | Reached XP level 3. HP: 27/28 MP: 0/0
   857 | D:1      | Learned a level 1 spell: Shock
   916 | D:1      | You are sucked into a shaft and drop 1 floor!
   939 | D:2      | Found a faded altar of an unknown god.
  1769 | D:2      | Reached skill level 3 in Unarmed Combat
  1769 | D:2      | Reached XP level 4. HP: 17/34 MP: 0/0
  2144 | D:3      | Noticed Terence
  2173 | D:3      | Killed Terence
  2174 | D:3      | Reached XP level 5. HP: 32/40 MP: 0/0
  2174 | D:3      | Learned a level 2 spell: Scorch
  2233 | D:3      | Noticed Robin
  2257 | D:3      | Killed Robin
  2555 | D:3      | Reached XP level 6. HP: 27/46 MP: 0/0
  2860 | D:3      | Reached skill level 4 in Unarmed Combat
  2879 | D:3      | Noticed Ijyb
  2885 | D:3      | Killed Ijyb
  3146 | D:4      | Found a runed translucent door.
  3147 | D:4      | Noticed Crazy Yiuf
  3184 | D:4      | Noticed Pikel
  3199 | D:4      | Killed Pikel
  3200 | D:4      | Reached skill level 5 in Unarmed Combat
  3200 | D:4      | Reached XP level 7. HP: 16/52 MP: 0/0
  3200 | D:4      | Learned a level 2 spell: Poisonous Vapours
  3597 | D:4      | Reached XP level 8. HP: 54/58 MP: 0/0
  4148 | D:4      | Found a staircase to the Ecumenical Temple.
  4159 | Temple   | Entered the Ecumenical Temple
  4194 | Temple   | Became a worshipper of Ru the Awakened
  4321 | D:4      | Killed Crazy Yiuf
  4363 | D:5      | Entered Level 5 of the Dungeon
  4372 | D:5      | Reached skill level 5 in Spellcasting
  4380 | D:5      | Reached skill level 6 in Unarmed Combat
  4629 | D:5      | Found a shimmering altar of Xom.
  5257 | D:6      | Noticed Blork the orc
  5487 | D:6      | Killed Blork the orc
  5488 | D:6      | Reached skill level 5 in Fighting
  5488 | D:6      | Reached XP level 9. HP: 47/65 MP: 0/0
  5488 | D:6      | Learned a level 4 spell: Sticky Flame
  5623 | D:6      | Reached skill level 7 in Unarmed Combat
  5978 | D:6      | Gained mutation: You are sensitive to extremes of
                  | temperature. (rF-, rC-) [Ru sacrifice]
  5978 | D:6      | Reached * piety under Ru
  5978 | D:6      | Reached ** piety under Ru
  6610 | D:7      | Reached skill level 8 in Unarmed Combat
  7095 | D:7      | Noticed a two-headed ogre
  7552 | D:7      | Found Utseitty's General Store.
  7568 | D:7      | Reached XP level 10. HP: 54/72 MP: 0/0
  7648 | D:7      | Bought a scroll of identify for 28 gold pieces
  8072 | D:7      | Found a white marble altar of Elyvilon.
  8230 | D:7      | Killed a two-headed ogre
  8231 | D:7      | Reached skill level 9 in Unarmed Combat
  8538 | D:7      | Found Kurgh's Distillery.
  9036 | D:8      | Noticed a tengu warrior
  9036 | D:8      | Noticed a two-headed ogre
  9036 | D:8      | Noticed a boulder beetle
  9036 | D:8      | Noticed a cyclops
  9036 | D:8      | Noticed a centaur warrior
  9037 | D:8      | Noticed a six-headed hydra
  9044 | D:8      | Killed a centaur warrior
  9045 | D:8      | Killed a boulder beetle
  9049 | D:8      | Killed a two-headed ogre
  9050 | D:8      | Reached skill level 10 in Unarmed Combat
  9050 | D:8      | Reached XP level 11. HP: 31/79 MP: 0/0
  9050 | D:8      | Learned a level 4 spell: Ice Form
  9059 | D:8      | Killed a cyclops
  9337 | D:8      | Killed a six-headed hydra
  9441 | D:8      | Identified the +2 pair of gloves of Kucw {rC+ Regen+ SInv}
  9570 | D:8      | Noticed a two-headed ogre
  9576 | D:8      | Killed a two-headed ogre
  9577 | D:8      | Reached skill level 11 in Unarmed Combat
  9722 | D:8      | Killed a tengu warrior
 10022 | D:8      | Noticed a brown ugly thing
 10025 | D:8      | Noticed Maggie
 10027 | D:8      | Killed a brown ugly thing
 10034 | D:8      | Killed Maggie
 10373 | D:8      | Gained mutation: You take slightly more damage. (AC -5) [Ru
                  | sacrifice]
 10373 | D:8      | Reached *** piety under Ru
 10400 | D:8      | Noticed a two-headed ogre
 10424 | D:8      | Killed a two-headed ogre
 10425 | D:8      | Reached XP level 12. HP: 67/88 MP: 0/0
 11131 | D:9      | Reached skill level 12 in Unarmed Combat
 11136 | D:9      | Found a staircase to the Lair.
 11671 | D:9      | Found Dobinoagg's Weapon Emporium.
 11814 | D:9      | Found a staircase to the Orcish Mines.
 11863 | D:10     | Entered Level 10 of the Dungeon
 11918 | D:10     | Found a flagged portal.
 11924 | D:10     | Noticed a two-headed ogre
 11927 | Bailey   | Entered a bailey
 12181 | Bailey   | Gained mutation: You cannot be stealthy. [Ru sacrifice]
 12181 | Bailey   | Reached **** piety under Ru
 12635 | Bailey   | Reached skill level 10 in Spellcasting
 12699 | D:10     | Killed a two-headed ogre
 12960 | D:10     | Noticed Maurice
 12968 | D:10     | Paralysed by Maurice for 5 turns
 12970 | D:10     | Killed Maurice
 13557 | D:10     | Reached skill level 13 in Unarmed Combat
 13671 | D:11     | Found a hide-covered altar of Uskayaw.
 14005 | D:11     | Reached XP level 13. HP: 56/94 MP: 0/0
 14005 | D:11     | Learned a level 5 spell: Fireball
 14049 | D:11     | Found Nuatacik's Assorted Antiques.
 14091 | D:11     | Bought a scroll labelled BIFUDE LAD for 31 gold pieces
 14093 | D:11     | Acquired a staff of conjuration
 14418 | D:12     | Noticed Nessos
 14431 | D:12     | Killed Nessos
 14493 | D:12     | Gained mutation: You occasionally lose the ability to drink
                  | potions when taking damage. [Ru sacrifice]
 14493 | D:12     | Gained mutation: You sometimes lose the ability to drink
                  | potions when taking damage. [Ru sacrifice]
 14493 | D:12     | Reached ***** piety under Ru
 14860 | D:12     | Noticed a boulder beetle
 14877 | D:12     | Killed a boulder beetle
 14913 | D:12     | Noticed a catoblepas
 14924 | D:12     | Killed a catoblepas
 14925 | D:12     | Reached skill level 10 in Fighting
 14926 | D:12     | Noticed a frost giant
 14933 | D:12     | Killed a frost giant
 15041 | D:12     | Noticed a four-headed hydra
 15053 | D:12     | Reached skill level 14 in Unarmed Combat
 15056 | D:12     | Killed a four-headed hydra
 15135 | D:12     | Found a bloodstained altar of Trog.
 15146 | D:12     | Found an iron altar of Okawaru.
 15146 | D:12     | Found a white marble altar of Elyvilon.
 15148 | D:12     | Found a burning altar of Makhleb.
 15148 | D:12     | Found a shimmering altar of Xom.
 15148 | D:12     | Found a hide-covered altar of Uskayaw.
 15243 | D:12     | Identified the +8 chain mail of the Endless Portals {Harm
                  | rPois Stlth-}
 15591 | D:13     | Noticed Sonja
 15603 | D:13     | Killed Sonja
 15644 | D:13     | Noticed Jorgrun
 15655 | D:13     | Killed Jorgrun
 15792 | D:13     | Identified the ring "Wephuhum" {rPois rN+ MP+9 Dex+9
                  | Stlth-}
 16213 | D:13     | Noticed a centaur warrior
 16224 | D:13     | Killed a centaur warrior
 16283 | D:13     | Found Tigyf's Superior Scales.
 16330 | D:13     | Noticed an eight-headed hydra
 16333 | D:13     | Killed an eight-headed hydra
 16402 | D:13     | Reached XP level 14. HP: 94/94 MP: 0/0
 16552 | D:14     | Noticed Louise
 16563 | D:14     | Killed Louise
 16721 | D:14     | Gained mutation: You are hated by all. [Ru sacrifice]
 16721 | D:14     | Reached ****** piety under Ru
 16935 | D:13     | Reached skill level 15 in Unarmed Combat
 17403 | Temple   | Fell from the grace of Ru
 17403 | Temple   | Became a worshipper of Makhleb the Destroyer
 17569 | Lair:1   | Entered Level 1 of the Lair of Beasts
 17682 | Lair:1   | Reached * piety under Makhleb
 17975 | Lair:1   | Noticed Joseph
 17985 | Lair:1   | HP: 6/126 [Joseph/+3 quarterstaff of speed (10)]
 18097 | Lair:1   | Killed Joseph
 18722 | Lair:2   | Found a gate leading to a gauntlet.
 18727 | Gauntlet | Entered a Gauntlet
 18727 | Gauntlet | Found a transporter.
 18733 | Gauntlet | Found a runed translucent gate.
 18735 | Gauntlet | Found a runed translucent gate.
 18735 | Gauntlet | Found a transporter.
 18737 | Gauntlet | Found a runed translucent gate.
 18739 | Gauntlet | Found a transporter.
 18747 | Gauntlet | Found a transporter.
 18751 | Gauntlet | Found a transporter.
 18759 | Gauntlet | Found a transporter.
 18763 | Gauntlet | Found a transporter.
 18766 | Gauntlet | Noticed a dire elephant
 18771 | Gauntlet | Found a transporter.
 18775 | Gauntlet | Found a transporter.
 18783 | Gauntlet | Found a transporter.
 18814 | Gauntlet | Found a transporter.
 18826 | Gauntlet | Found a transporter.
 18839 | Gauntlet | Found a transporter.
 18852 | Gauntlet | Found a transporter.
 18881 | Gauntlet | Reached XP level 15. HP: 110/110 MP: 0/0
 18881 | Gauntlet | Learned a level 6 spell: Starburst
 18973 | Gauntlet | Identified the amulet of Heeffies {rPois Regen+ Int+5}
 18988 | Gauntlet | Reached skill level 1 in Invocations
 19264 | Lair:2   | Identified the +1 helmet of Lugonu's Approval {Str-3 Int+7
                  | Dex+2}
 19380 | Lair:2   | Noticed Erica
 19384 | Lair:2   | Killed Erica
 19485 | Lair:2   | Found a staircase to the Snake Pit.
 20047 | Lair:3   | Reached ** piety under Makhleb
 20289 | Lair:3   | Noticed Kirke
 20298 | Lair:3   | Noticed a sphinx
 20298 | Lair:3   | Killed Kirke
 20306 | Lair:3   | Found a staircase to the Swamp.
 20316 | Lair:3   | You are sucked into a shaft and drop 2 floors!
 20316 | Lair:5   | Entered Level 5 of the Lair of Beasts
 20365 | Lair:4   | Found a staircase to the Slime Pits.
 20402 | Lair:4   | Slain by a dream sheep

Illustrated notes

Levels and vault maps discovered:
D:1:      minmay_arrival_cross, layout_loops_corners
D:2:      layout_basic, ebering_ecumenical_altar_webs, minivault_26
D:3:      layout_rooms, minmay_vboxes, uniq_robin, uniq_terence, uniq_ijyb
D:4:      cheibrodos_old_hovel, layout_loops_ring, minmay_temple_entry_poolview,
          uniq_pikel, uniq_crazy_yiuf_cottage
D:5:      layout_cave_pools, kennysheep_mini_moat
D:6:      layout_basic, uniq_blork_the_orc
D:7:      layout_basic, nicolae_elyvilon_peaceful_grove, serial_shops,
          nicolae_shop_advertising_works [nicolae_subvault_shop_adworks],
          nicolae_shop_statue_plus, wad_mini_maze
D:8:      minmay_the_grid_octo_tiled_octocenter [minmay_the_grid_octo_odd_swirl,
          minmay_the_grid_octo_concentric, minmay_the_grid_octo_clover_2,
          minmay_the_grid_octo_toaster, minmay_the_grid_octo_prize_big_c,
          minmay_the_grid_square_5x5_c, minmay_the_grid_square_5x5_n,
          minmay_the_grid_square_5x5_dogpile, minmay_the_grid_square_5x5_slash],
          layout_loops_corners, st_stairs_1, uniq_maggie
D:9:      layout_small_grid, david_lair_generic, hiddenorc1_lemuel,
          serial_shops, nicolae_lakefront_shop
D:10:     layout_basic, enter_bailey_6, serial_bayou_lagoon_a,
          kennysheep_flooded_box, uniq_maurice
D:11:     layout_cave_pools, serial_shops, shop, nicolae_uskayaw_suspiria
D:12:     nzn_winding_woodlands_three_and_one [nzn_winding_woodlands_5x15_cabin,
          nzn_winding_woodlands_5x15_garden,
          nzn_winding_woodlands_5x15_pathside_ponds,
          nzn_winding_woodlands_center_diamonds], layout_basic,
          doesnt_xom_only_xom, uniq_nessos
D:13:     layout_basic, hellmonk_scale_shop, uniq_jorgrun, uniq_sonja
D:14:     layout_stronghold, hangedman_vaults_entry_quadrant_bands,
          nicolae_elevator_lobby_plus, minmay_statues_item, uniq_louise
Temple:   nicolae_temple_bog_church
Lair:1:   layout_small_grid, uniq_joseph
Lair:2:   layout_cave_pods, minmay_snake_entry_guardpost_small,
          gauntlet_entry_generic, beast_lair_carwin_5, uniq_erica
Lair:3:   layout_cave_shapes, minmay_swamp_entry_worms, uniq_kirke
Lair:4:   layout_cave_pods, slime_entry_1, nicolae_quartered_pool_super
Lair:5:   evilmike_catoblepas_cave, layout_layer_cave, ldierk_geyser

Skill      XL: |  1  2  3  4  5  6  7  8  9 10 11 12 13 14 15 |
---------------+----------------------------------------------+-----
Unarmed Combat | 3 5 6 8 10 11 13 14 15 | 15.8
Spellcasting   | 3 4 5 6 8 9 10 11 13 | 13.4
Fighting       | 3 4 5 6 7 8 9 10 11 | 11.9
Invocations    | 4 |  4.1
Throwing       | |  0.7
Armour         | |  1.0
Dodging        | |  2.1

Action                   |  1- 3 |  4- 6 |  7- 9 | 10-12 | 13-15 || total
-------------------------+-------+-------+-------+-------+-------++-------
Melee: Unarmed           |    95 |    12 |    39 |   268 |   244 ||   658
       Punch             |     4 |       |     3 |     9 |     2 ||    18
       Staff             |       |       |       |       |    26 ||    26
 Cast: Shock             |    31 |    46 |     7 |    19 |       ||   103
       Scorch            |       |    23 |    91 |    29 |     4 ||   147
       Poisonous Vapours |       |       |    42 |   156 |    44 ||   242
       Sticky Flame      |       |       |     3 |     7 |     1 ||    11
       Manifold Assault  |       |       |     2 |    43 |    61 ||   106
       Gell's Gravitas   |       |       |     1 |     7 |     2 ||    10
       Teleport Other    |       |       |     1 |    14 |     3 ||    18
       Lesser Beckoning  |       |       |     1 |       |     1 ||     2
       Ice Form          |       |       |       |    14 |    23 ||    37
       Blink             |       |       |       |     1 |     1 ||     2
       Fireball          |       |       |       |       |   113 ||   113
       Starburst         |       |       |       |       |     5 ||     5
Invok: Sacrifice Resista |       |       |     1 |       |       ||     1
       Sacrifice Health  |       |       |       |     1 |       ||     1
       Sacrifice Stealth |       |       |       |     1 |       ||     1
       Apocalypse        |       |       |       |       |     3 ||     3
       Sacrifice Drink   |       |       |       |       |     1 ||     1
       Sacrifice Love    |       |       |       |       |     1 ||     1
 Abil: End Transformatio |       |       |       |     1 |     4 ||     5
Evoke: Condenser vane    |       |       |       |     1 |     1 ||     2
       Wand              |       |       |       |       |     6 ||     6
  Use: Potion            |       |     4 |       |       |     4 ||     8
       Scroll            |       |       |     8 |    15 |     6 ||    29
 Stab: Invisible         |       |       |       |     2 |       ||     2
Armor: Leather armour    |    34 |    13 |    37 |    14 |       ||    98
       Skin              |       |       |       |     8 |    26 ||    34
       Steam dragon scal |       |       |       |    35 |     8 ||    43
       Robe              |       |       |       |       |     1 ||     1
Dodge: Dodged            |    51 |    21 |    54 |   146 |    70 ||   342
